 Dungeon Crawl Stone Soup version 0.30-a0-1094-g860fb061e7 (webtiles) character file.

Game seed: 13815218743953446917

847 Pimp the Trooper (level 7, -2/62 HPs)
             Began as a Red Draconian Fighter on Apr 17, 2023.
             Was an Initiate of Gozag.
             Slain by an orc wizard
             ... wielding a +0 dagger
              (4 damage)
             ... on level 5 of the Dungeon.
             The game lasted 00:06:26 (3641 turns).

Pimp the Trooper (Red Draconian Fighter)            Turns: 3641, Time: 00:06:30

Health: -2/62      AC:  6    Str: 19 (20) XL:     7   Next: 68%
Magic:  7/7        EV: 17    Int:  6 (9)  God:    Gozag
Gold:   465        SH:  5    Dex:  7 (10) Spells: 6/6 levels left

rFire   + + .      SeeInvis .    a - +0 war axe
rCold   . . .      Faith    .    b - +1 buckler
rNeg    . . .      Spirit   .    (body armour unavailable)
rPois   .          Reflect  .    (helmet restricted)
rElec   .          Rampage  .    (no cloak)
rCorr   .                        (no gloves)
Will    .....                    (no boots)
Stlth   +                        (no amulet)
HPRegen 0.30/turn                e - ring of protection from fire
MPRegen 0.10/turn                j - +5 ring of evasion

@: mighty, short of breath, gold aura, attractive
A: breathe fire, AC +6, unfitting armour, fire resistance 1, cold-blooded
a: Breathe Fire, Renounce Religion, Potion Petition, Call Merchant, Bribe Branch


You were on level 5 of the Dungeon.
You worshipped Gozag.
Gozag was aware of your devotion.
You visited 2 branches of the dungeon, and saw 6 of its levels.
You also visited: Ossuary.

You collected 532 gold pieces.
You paid 67 gold pieces to Gozag.

Inventory:

Hand Weapons
 a - a +0 war axe (weapon)
Missiles
 k - 2 silver javelins (quivered)
Armour
 b - a +1 buckler (worn)
Jewellery
 e - a ring of protection from fire (left hand)
 j - a +5 ring of evasion (right hand)
 l - a ring of poison resistance
 q - an amulet of magic regeneration
Scrolls
 s - a scroll of identify
 t - a scroll of immolation
Potions
 c - a potion of might
 d - 2 potions of attraction
 g - 2 potions of degeneration
 i - 2 potions of magic
 m - a potion of lignification {unknown}
 n - 4 potions of brilliance {unknown}
 o - 4 potions of heal wounds {unknown}
 p - a potion of ambrosia {unknown}


   Skills:
 + Level 5.8 Fighting
 + Level 4.7 Axes
 + Level 4.7 Dodging
 + Level 5.2 Shields


You had 6 spell levels left.
You didn't know any spells.
Your spell library was empty.

Dungeon Overview and Level Annotations

Branches:
Dungeon (5/15)             Temple (1/1) D:4         Ossuary (visited)

Altars:
Cheibriados
Fedhas
Gozag
Kikubaaqudgha
Makhleb
Nemelex Xobeh
Qazlal
Ru
Sif Muna
Trog
Uskayaw
Vehumet
Wu Jian
Xom
Yredelemnul
The Shining One

Shops:
D:1 :

Annotations:
D:5 Edmund


Innate Abilities, Weirdness & Mutations

You can breathe blasts of fire.
Your fiery red scales are hard. (AC +6)
You cannot fit into any form of body armour.
Your flesh is heat resistant. (rF+)
You are cold-blooded and may be slowed by cold attacks.


Message History

The centaur unwields a +0 shortbow.
The centaur closely misses you. You block the centaur's attack.
The orc hits you but does no damage. The phantom barely misses you.
The orc hits you but does no damage. You block the white imp's attack.
Aiming: Breathe Fire (5% risk of failure)
Press: ? - help, Shift-Dir - straight line, f - Edmund
Aim: Edmund, wielding a +6 flail of protection and wearing a +1 chain mail of cold resistance (unusually resistant, 77% to hit)
You breathe a blast of fire.
The fiery breath hits Edmund.
Edmund resists.
Edmund is lightly wounded.
The centaur closely misses you. x2; You block the orc's attack.
The phantom barely misses you. The orc closely misses you.
You block Edmund's attack.
The white imp hits you but does no damage.
You barely miss the orc. You slash the centaur! You slash the orc!
You kill the orc!
You slash Edmund! You slash the phantom! You slash the white imp!
The centaur hits you but does no damage.
The centaur kicks you but does no damage.
The centaur hits you. You block the centaur's attack. The orc misses you.
The white imp gestures at you. The puff of frost hits you.
* * * LOW HITPOINT WARNING * * *
The phantom closely misses you. You block Edmund's attack.
It was a potion of attraction.
You feel attractive to monsters. The centaur closely misses you.
You block the centaur's attack. The orc hits you but does no damage.
You block the phantom's attack.
Edmund hits you with a +6 flail of protection!
* * * LOW HITPOINT WARNING * * *
The white imp gestures at you. The puff of frost hits you!
* * * LOW HITPOINT WARNING * * *
The centaur misses you. x2
It was a potion of degeneration.
There was something very wrong with that liquid.
You feel weakened.
You feel dopey.
You feel clumsy. The centaur barely misses you. The centaur closely misses you.
Something hits you.
You die...
Your body crumbles into a pile of gold.

*,,,,,,,,,,,,,,,,,,,,,,,,,,,*****
***,*,,,,....(..,,,,,,..,,,,*,,*,
***,,,,,,..#....##*.#..#,,,,*,$,,
,,,,*,,,,..☼.....##.#..#*,,,*,_,,
,,,,**,**##.......#..>.#*****,,,,
,,,,,,,,,.........#....###***,,*,
,,,,,,,,,.................,,****,
>,,,,,,,,......@Wc..##..#######*,
,,,,**,***##....@o.........$.§#*,
,,,,*,,*,......!5{.........##§§§.
**,**,**,.....).....#####..####§.
*,,,,**,....................#*..
***,,**,.............8....#.#*,.
***,,**<................$.....,.
*,,,,,*,...........8...8.....##,
*,<,,,*,.......................,
*,,,,,*,,............8.....###.,


You could see Edmund (resistant), a phantom, a centaur, a white imp and an orc.

Vanquished Creatures
  2 black bears (D:4)
  5 water moccasin zombies (Ossuary)
  A howler monkey (D:4)
  2 hounds
  An orc priest (D:3)
  A jelly (D:5)
  Terence (D:2)
  An iguana (D:4)
  2 mummies (Ossuary)
  An adder (D:4)
  An ufetubus (D:5)
  5 adder zombies (Ossuary)
  4 worms
  4 dart slugs
  5 orcs
  3 endoplasms
  7 giant cockroaches
  6 gnoll zombies (Ossuary)
  5 goblins
  9 hobgoblins
  8 quokkas
  12 ball pythons
  7 bats
  3 frilled lizards
  A hobgoblin zombie (Ossuary)
  4 kobolds
  3 kobold zombies (Ossuary)
  7 orc zombies (Ossuary)
  4 rats
115 creatures vanquished.

Notes
Turn   | Place    | Note
-------+----------+-------------------------------------------
     0 | D:1      | Pimp the Draconian Fighter began the quest for the Orb.
     0 | D:1      | Reached XP level 1. HP: 19/19 MP: 1/1
   151 | D:1      | Reached XP level 2. HP: 22/26 MP: 2/2
   156 | D:1      | Found Muxtassia's Vocational Training.
   584 | D:1      | Reached XP level 3. HP: 31/33 MP: 3/3
  1156 | D:2      | Noticed Terence
  1163 | D:2      | Killed Terence
  1164 | D:2      | Reached XP level 4. HP: 19/40 MP: 4/4
  1669 | D:3      | Found a hide-covered altar of Uskayaw.
  1712 | D:3      | Found a shimmering blue altar of Sif Muna.
  1901 | D:3      | Reached XP level 5. HP: 35/46 MP: 5/5
  2218 | D:4      | Found a staircase to the Ecumenical Temple.
  2309 | Temple   | Entered the Ecumenical Temple
  2341 | Temple   | Became a worshipper of Gozag Ym Sagoz the Greedy
  2599 | D:4      | Noticed a black bear
  2608 | D:4      | Killed a black bear
  2609 | D:4      | Reached XP level 6. HP: 47/53 MP: 6/6
  2826 | D:4      | Found an ornate altar of the Wu Jian Council.
  2855 | D:4      | Reached skill level 5 in Fighting
  2984 | D:4      | Found a basalt altar of Yredelemnul.
  3329 | D:5      | Entered Level 5 of the Dungeon
  3337 | D:5      | Found a sand-covered staircase.
  3345 | Ossuary  | Entered an ossuary
  3449 | Ossuary  | Your scales start taking on a fiery red colour.
  3449 | Ossuary  | Reached XP level 7. HP: 58/61 MP: 7/7
  3449 | Ossuary  | Gained mutation: Your flesh is heat resistant. (rF+) [Red
                  | Draconian growth]
  3513 | Ossuary  | Reached skill level 5 in Shields
  3632 | D:5      | Noticed Edmund
  3640 | D:5      | HP: 2/62 [white imp/puff of frost (7)]
  3641 | D:5      | Slain by an orc wizard

Illustrated notes

Levels and vault maps discovered:
D:1:      elethiomel_arrival_quiet, layout_loops_ring, nicolae_shop_vocational
D:2:      layout_basic, uniq_terence
D:3:      layout_loops_ring, nicolae_overflow_crystal_walls, lemuel_round_altar
D:4:      layout_basic, mainiacjoe_overflow_catch_the_wave,
          minmay_temple_entry_poolview
D:5:      layout_rooms, mainiacjoe_overflow_alcove_1,
          nzn_hepliaklqana_mist_gate, nicolae_elyvilon_peaceful_grove,
          nicolae_ossuary_entry_monument, gup_sewer_entry_bowl, minmay_puff,
          uniq_edmund
Temple:   nicolae_temple_x_marks_the_god

Skill      XL: |  1  2  3  4  5  6  7 |
---------------+----------------------+-----
Dodging        | 3 4 |  4.7
Fighting       | 4 5 |  5.8
Axes           | 3 4 |  4.7
Shields        | 4 5 |  5.2

Action                     |  1- 3 |  4- 6 |  7- 9 || total
---------------------------+-------+-------+-------++-------
  Melee: War axe           |    99 |   174 |    75 ||   348
         Tailslap          |     5 |    19 |    10 ||    34
Ability: Breathe Fire      |       |       |     1 ||     1
    Use: Scroll            |       |     6 |     2 ||     8
         Potion            |       |       |     5 ||     5
   Stab: Sleeping          |     1 |     1 |       ||     2
         Distracted        |       |       |     2 ||     2
 Armour: Skin              |    26 |    47 |    14 ||    87
  Dodge: Dodged            |    76 |   209 |    74 ||   359
  Block: Buckler           |    24 |    51 |    32 ||   107

Table legend: (Time is in decaauts)
 A = Elapsed time spent in this place.
 B = Non-inter-level travel time spent in this place.
 C = Inter-level travel time spent in this place.
 D = Time resting spent in this place.
 E = Time spent auto-exploring this place.
 F = Levels seen in this place.
 G = Mean time per level.
                   A        B        C        D        E       F      G
               +--------+--------+--------+--------+--------+-----+--------+
         Total |   3774 |   3629 |    145 |     39 |   2535 |   7 |  539.1 |
       Dungeon |   3436 |   3291 |    145 |     39 |   2494 |   5 |  687.2 |
        Temple |     36 |     36 |      0 |      0 |      0 |   1 |   36.0 |
       Ossuary |    301 |    301 |      0 |      0 |     41 |   1 |  301.0 |
               +--------+--------+--------+--------+--------+-----+--------+

Top non-repeatable levels by time:
     D:4: 1110 daAuts
     D:1: 841 daAuts
     D:2: 753 daAuts
     D:3: 676 daAuts
 Ossuary: 301 daAuts
     D:5: 53 daAuts
  Temple: 36 daAuts
